 Dungeon Crawl Stone Soup version 0.28-a0-906-g0406aca7d3 (webtiles) character file.

Game seed: 15375989432282754637

34197 Rennog the Eclecticist (level 14, -24/102 HPs)
             Began as a Djinni Fire Elementalist on Nov 24, 2021.
             Was an Elder of Makhleb.
             Annihilated by Rupert (39 damage)
             ... on level 4 of the Lair of Beasts.
             The game lasted 00:35:37 (15775 turns).

Rennog the Eclecticist (Djinni Fire Elementalist)  Turns: 15775, Time: 00:35:38

Health: -24/102    AC: 12    Str: 13    XL:     14   Next: 12%
Gold:   736        EV: 15    Int: 19    God:    Makhleb [****..] SH:  5 Dex: 15

rFire   + + +      SeeInvis +   E - +3 flail of Hard Scrabble {flame, rC- rN+ Str+3 SInv}
rCold   x x .      Faith    .   (no shield)
rNeg    + . .      Spirit   .   D - +1 leather armour "Vamuhan" {+Blink rF+ Regen+ Dex-5}
rPois   ∞          Reflect  +   N - +1 helmet
rElec   .          Harm     .   P - +1 cloak
rCorr   .          Rampage  .   (no gloves)
Will    +....                   (boots unavailable)
Stlth   ++........              F - amulet of reflection
HPRegen 1.27/turn               l - +4 ring of protection
MPRegen 0.00/turn               i - +6 ring of dexterity

@: flying
A: sickness immunity, fire resistance 2, cold vulnerability 1, float, innate
caster, hp casting, extra vitality 1
a: Renounce Religion, Evoke Blink, Minor Destruction, Lesser Servant of Makhleb,
Major Destruction


You were on level 4 of the Lair of Beasts.
You worshipped Makhleb.
Makhleb was greatly pleased with you.
You visited 3 branches of the dungeon, and saw 17 of its levels.
You also visited: Volcano.

You collected 862 gold pieces.
You spent 126 gold pieces at shops.

Inventory:

Hand Weapons
 B - a +3 short sword of freezing
 E - the +3 flail of Hard Scrabble (weapon) {flame, rC- rN+ Str+3 SInv}
   (You found it on level 8 of the Dungeon)

   It burns those it strikes, dealing additional fire damage.
   Str:       It affects your strength (+3).
   rC:        It makes you vulnerable to cold.
   rN:        It protects you from negative energy.
   SInv:      It lets you see invisible.
Missiles
 x - 4 throwing nets
Armour
 p - a +0 crystal plate armour
 D - the +1 leather armour "Vamuhan" (worn) {+Blink rF+ Regen+ Dex-5}
   (You bought it in a shop on level 8 of the Dungeon)

   Dex:       It affects your dexterity (-5).
   rF:        It protects you from fire.
   +Blink:    It lets you blink.
   Regen:     It increases your rate of health regeneration.
 N - a +1 helmet (worn)
 P - a +1 cloak (worn)
Jewellery
 i - a +6 ring of dexterity (right hand)
 l - a +4 ring of protection (left hand)
 v - a ring of see invisible
 w - a +6 ring of intelligence
 F - an amulet of reflection (around neck)
Wands
 s - a wand of mindburst (8)
 C - a wand of digging (7)
 K - a wand of polymorph (6)
 L - a wand of paralysis (5)
Scrolls
 a - a scroll of brand weapon {unknown}
 b - 6 scrolls of magic mapping
 d - 4 scrolls of teleportation
 f - 3 scrolls of immolation
 g - a scroll of torment
 j - 9 scrolls of enchant weapon
 o - 4 scrolls of fear
 y - 2 scrolls of identify
 z - a scroll of noise
 A - a scroll of vulnerability {unknown}
 G - a scroll of acquirement {unknown}
 J - 2 scrolls of enchant armour {unknown}
 O - 3 scrolls of amnesia {unknown}
Potions
 c - 4 potions of lignification
 e - a potion of ambrosia {unknown}
 h - 7 potions of attraction
 k - 4 potions of might {unknown}
 m - 3 potions of invisibility
 n - 5 potions of curing
 q - 4 potions of brilliance
 r - 3 potions of mutation {unknown}
 t - 6 potions of cancellation {unknown}
 I - 3 potions of heal wounds {unknown}
Miscellaneous
 u - a tin of tremorstones (2/2)


   Skills:
 * Level 9.9 Fighting
 - Level 8.2 Dodging
 - Level 1.5 Stealth
 - Level 15.0 Spellcasting
 * Level 4.8 Invocations


You had 12 spell levels left.
You knew the following spells:

 Your Spells              Type           Power      Damage    Failure   Level
a - Foxfire               Conj/Fire      100%       2x1d9     0%          1
b - Scorch                Fire           100%       2d10      1%          2
c - Conjure Flame         Conj/Fire      63%        6-21      1%          3
d - Inner Flame           Hex/Fire       63%        N/A       1%          3
e - Flame Wave            Conj/Fire      63%        3d11      1%          4
f - Magic Dart            Conj           100%       1d8       0%          1
g - Static Discharge      Conj/Air       63%        N/A       1%          2
h - Ensorcelled Hibernat  Hex/Ice        100%       N/A       1%          2
i - Ignite Poison         Fire/Tmut/Pois 63%        N/A       1%          3
j - Silence               Hex/Air        31%        N/A       1%          5
k - Metabolic Englaciati  Hex/Ice        31%        N/A       1%          5
Your spell library was empty.

Dungeon Overview and Level Annotations

Branches:
Dungeon (12/15)            Temple (1/1) D:5            Lair (4/6) D:11
  Swamp (0/4) Lair:4       Spider (0/4) Lair:3      Volcano (visited)
    Orc: D:9-12

Altars:
Ashenzari
Cheibriados
Dithmenos
Elyvilon
Fedhas
Gozag
Hepliaklqana
Kikubaaqudgha
Makhleb
Nemelex Xobeh
Okawaru
Qazlal
Ru
Sif Muna
Trog
Uskayaw
Vehumet
Wu Jian
Xom
Yredelemnul
Zin
The Shining One

Shops:
D:1 (   D:7 (   D:8 [   D:11 *

Portals:
Ice
Cave: Lair:2

Annotations:
D:11 Fannar
Lair:1 Urug
Lair:4 Rupert


Innate Abilities, Weirdness & Mutations

You are immune to sickness and miasma.
You are immune to poison.
Your flesh is very heat resistant. (rF++)
You are vulnerable to cold. (rC-)
You float through the air rather than walking.
You learn spells naturally, not from books.
Your magical power is your life essence.
You have superior vitality. (+4 HP)


Message History

Press: ? - help, Dir - look around, f - activate A wave of flame ripples out!
The flame wave engulfs Rupert!!
Rupert is burned terribly!
Rupert is severely wounded.
The flame wave engulfs the bush!!
The bush is on fire!
The bush is lightly damaged. (Press . to intensify the flame waves.)
The bush is engulfed in blazing flames.
Rupert is no longer more vulnerable to fire.
Rupert roars madly and goes into a rage!
Rupert goes berserk!
A wave of flame ripples out!
The flame wave engulfs Rupert!
Rupert is severely wounded.
The flame wave engulfs the bush!
The bush is on fire!
The bush is moderately damaged.
You block Rupert's attack.
A wave of flame ripples out!
The flame wave engulfs Rupert!
Rupert is severely wounded.
The flame wave engulfs the bush!
The bush is on fire!
The bush is moderately damaged.
You finish channelling waves of flame.
The bush is engulfed in blazing flames.
Rupert hits you with a +2 battleaxe of freezing!!
Rupert freezes you!!
Rupert hits you with a +2 battleaxe of freezing!!
* * * LOW HITPOINT WARNING * * *
Rupert freezes you.
* * * LOW HITPOINT WARNING * * *
Casting: Flame Wave (safe; 1% risk of failure)
Confirm with . or Enter, or press ? or * to list all spells.
Casting: Flame Wave (safe; 1% risk of failure)
Press: ? - help, Dir - look around, f - activate A wave of flame ripples out!
The flame wave engulfs Rupert!
Rupert is almost dead.
The flame wave engulfs the bush but does no damage.
The bush is heavily damaged. (Press . to intensify the flame waves.)
* * * LOW HITPOINT WARNING * * *
The bush is engulfed in blazing flames.
Rupert hits you with a +2 battleaxe of freezing!!!
You die...

.....††....####P##
..............## ###
>.....#.###...## .
.....# ##...# .P##...
#...P# ...#..######..##
#...#...##..#######
#.#............##..####
#.....@@.............#
##..####P..........###
#... ##...##...#.#
..... #...#.######
....... ##..### .#.#...
#...# ..##P.. ##..# ..
#.P. #..## #...#


You could see Rupert (berserk).

Vanquished Creatures
  Erolcha (D:9)
  4 hydras
  2 two-headed ogres
  Nergalle (Lair:4)
  A skeletal warrior (D:10)
  Pikel (D:9)
  A wolf spider (D:9)
  2 salamanders (Volcano)
  A cyclops (D:12)
  2 ugly things
  3 black mambas
  Joseph (D:8)
  Maurice (D:9)
  Psyche (D:8)
  8 cane toads
  3 rime drakes
  3 komodo dragons
  5 jumping spiders (Lair:3)
  4 trolls
  A tyrant leech (Lair:4)
  15 blink frogs
  3 wraiths
  4 shadows
  5 redbacks (Lair:3)
  33 yaks
  3 wyverns
  A basilisk (D:11)
  Grum (Lair:1)
  2 steam dragons (D:6)
  2 swamp worms (Lair:4)
  7 water moccasins
  3 acid dragons
  2 hell hounds (Lair:3)
  3 orc warriors
  An ice beast (D:6)
  4 ogres
  2 black bears
  2 necrophages (D:9)
  4 centaurs
  14 wolves
  2 kobold brigands
  12 bullfrogs
  3 gnoll sergeants
  2 scorpions
  2 wyvern zombies
  A water moccasin zombie (D:5)
  A water moccasin skeleton (D:5)
  A killer bee (D:11)
  2 howler monkeys (D:10)
  13 wights
  2 bullfrog zombies
  8 centaur zombies
  A human zombie (D:9)
  4 hounds
  3 orc priests
  Crazy Yiuf (D:3)
  A centaur skeleton (D:6)
  A gnoll shaman (D:6)
  A jelly (D:6)
  3 iguanas
  8 orc wizards
  A killer bee zombie (D:9)
  A mummy (D:9)
  2 howler monkey zombies (D:9)
  32 gnolls
  A howler monkey skeleton (D:5)
  10 adders
  A white imp (D:8)
  2 ufetubi
  An adder zombie (D:5)
  2 worms
  A dart slug (D:4)
  17 orcs
  10 ball pythons
  8 bats
  9 endoplasms
  5 giant cockroaches
  10 goblins
  7 hobgoblins
  5 jackals
  A quokka (D:2)
  A frilled lizard (D:3)
  8 kobolds
  4 rats
368 creatures vanquished.

Vanquished Creatures (collateral kills)
  3 foxfires (D:4)
3 creatures vanquished.

Vanquished Creatures (others)
  1056 foxfires
  30 fungi
  18 plants
1104 creatures vanquished.

Grand Total: 1475 creatures vanquished

Notes
Turn   | Place    | Note
-------+----------+-------------------------------------------
     0 | D:1      | Rennog the Djinni Fire Elementalist began the quest for the
                  | Orb.
     0 | D:1      | Reached XP level 1. HP: 15/15 MP: 0/0
   286 | D:1      | Reached XP level 2. HP: 17/21 MP: 0/0
   583 | D:1      | Reached skill level 3 in Spellcasting
  1218 | D:1      | Reached XP level 3. HP: 20/25 MP: 0/0
  1218 | D:1      | Learned a level 1 spell: Magic Dart
  1296 | D:1      | Found Xuirgh's Antique Weapon Boutique.
  1973 | D:2      | Reached XP level 4. HP: 11/31 MP: 0/0
  2435 | D:2      | Reached skill level 4 in Spellcasting
  2824 | D:2      | Reached XP level 5. HP: 31/35 MP: 0/0
  2824 | D:2      | Learned a level 2 spell: Static Discharge
  2857 | D:2      | Found a faded altar of an unknown god.
  2928 | D:2      | Found a glowing silver altar of Zin.
  3498 | D:3      | Found an ornate altar of the Wu Jian Council.
  3670 | D:3      | Found a runed translucent door.
  3671 | D:3      | Noticed Crazy Yiuf
  3677 | D:3      | Killed Crazy Yiuf
  4017 | D:3      | Reached XP level 6. HP: 34/40 MP: 0/0
  4409 | D:4      | Noticed an ogre
  4409 | D:4      | Noticed an ogre
  4412 | D:4      | Killed an ogre
  4413 | D:4      | Reached skill level 5 in Spellcasting
  4418 | D:4      | Killed an ogre
  4419 | D:4      | Reached XP level 7. HP: 35/45 MP: 0/0
  4419 | D:4      | Learned a level 2 spell: Ensorcelled Hibernation
  4730 | D:4      | Reached skill level 6 in Spellcasting
  5120 | D:4      | Reached skill level 1 in Fighting
  5482 | D:5      | Entered Level 5 of the Dungeon
  5617 | D:5      | Found a staircase to the Ecumenical Temple.
  5718 | D:5      | Reached XP level 8. HP: 47/56 MP: 0/0
  5767 | Temple   | Entered the Ecumenical Temple
  6362 | D:5      | Found a blossoming altar of Fedhas.
  6362 | D:5      | Found a hazy altar of Hepliaklqana.
  6370 | D:5      | Found a faded altar of an unknown god.
  6374 | D:5      | Reached skill level 5 in Fighting
  6393 | D:5      | Found a faded altar of an unknown god.
  6395 | D:5      | Found a broken altar of Ashenzari.
  7292 | D:6      | Reached XP level 9. HP: 57/68 MP: 0/0
  7292 | D:6      | Learned a level 3 spell: Ignite Poison
  8566 | D:7      | Found Ybetem's Weapon Emporium.
  9975 | D:8      | Found Maedorem's Antique Armour Emporium.
  9978 | D:8      | Bought a faintly glowing leather armour for 126 gold pieces
  9978 | D:8      | Identified the +1 leather armour "Vamuhan" {+Blink rF+
                  | Regen+ Dex-5} (You bought it in a shop on level 8 of the
                  | Dungeon)
 10036 | D:8      | Reached skill level 5 in Dodging
 10064 | D:8      | Noticed a two-headed ogre
 10071 | D:8      | Killed a two-headed ogre
 10072 | D:8      | Reached skill level 7 in Spellcasting
 10072 | D:8      | Reached XP level 10. HP: 74/77 MP: 0/0
 10083 | D:8      | Identified the +3 flail of Hard Scrabble {flame, rC- rN+
                  | Str+3 SInv}
 10125 | D:8      | Noticed Joseph
 10267 | D:8      | Killed Joseph
 10268 | D:8      | Reached skill level 8 in Spellcasting
 10377 | D:8      | Noticed Psyche
 10392 | D:8      | Killed Psyche
 10421 | D:8      | Found an opulent altar of Gozag.
 10647 | D:9      | Found a burning altar of Makhleb.
 10647 | D:9      | Found a bloodstained altar of Trog.
 10657 | D:9      | Noticed Erolcha
 10660 | D:9      | Became a worshipper of Makhleb the Destroyer
 10687 | D:9      | Killed Erolcha
 10688 | D:9      | Reached skill level 9 in Spellcasting
 10688 | D:9      | Reached XP level 11. HP: 75/82 MP: 0/0
 10688 | D:9      | Learned a level 5 spell: Silence
 10783 | D:9      | Noticed Pikel
 10789 | D:9      | Killed Pikel
 10809 | D:9      | You are sucked into a shaft and drop 1 floor!
 10809 | D:10     | Entered Level 10 of the Dungeon
 10833 | D:10     | Found an iron altar of Okawaru.
 10864 | D:10     | Noticed a skeletal warrior
 10901 | D:10     | You are sucked into a shaft and drop 2 floors!
 11010 | D:12     | Noticed a boulder beetle
 11035 | D:12     | Reached skill level 10 in Spellcasting
 11058 | D:12     | Noticed a cyclops
 11064 | D:12     | Killed a cyclops
 11096 | D:12     | Noticed a cyan ugly thing
 11103 | D:12     | Killed a cyan ugly thing
 11298 | D:11     | Found Vaerire's Demolitions Depot.
 11300 | D:11     | Noticed a two-headed ogre
 11306 | D:11     | Killed a two-headed ogre
 11486 | D:11     | Noticed Fannar
 11611 | D:10     | Reached * piety under Makhleb
 11719 | D:10     | Noticed a skeletal warrior
 11730 | D:10     | Killed a skeletal warrior
 11831 | D:10     | Reached skill level 11 in Spellcasting
 11900 | D:10     | Noticed a purple ugly thing
 11918 | D:10     | Killed a purple ugly thing
 11941 | D:10     | Noticed a wolf spider
 11966 | D:9      | Killed a wolf spider
 12022 | D:9      | Noticed Maurice
 12033 | D:9      | Killed Maurice
 12034 | D:9      | Reached XP level 12. HP: 87/88 MP: 0/0
 12061 | D:9      | Found a hide-covered altar of Uskayaw.
 12251 | D:9      | Found a basalt altar of Yredelemnul.
 12394 | D:10     | HP: 2/88 [skeletal warrior (26)]
 12651 | D:11     | Reached skill level 12 in Spellcasting
 12663 | D:11     | Noticed a five-headed hydra
 12664 | D:11     | Reached ** piety under Makhleb
 12669 | D:11     | Killed a five-headed hydra
 12799 | D:11     | Found a staircase to the Lair.
 12829 | Lair:1   | Entered Level 1 of the Lair of Beasts
 12829 | Lair:1   | Noticed Urug
 12936 | Lair:1   | Noticed Grum
 12944 | Lair:1   | Killed Grum
 13018 | Lair:1   | Reached skill level 13 in Spellcasting
 13158 | Lair:2   | Noticed a four-headed hydra
 13165 | Lair:2   | Killed a four-headed hydra
 13336 | Lair:2   | Found a frozen archway.
 13380 | Lair:2   | Reached XP level 13. HP: 83/94 MP: 0/0
 13380 | Lair:2   | Learned a level 5 spell: Metabolic Englaciation
 13444 | Lair:2   | Reached *** piety under Makhleb
 13723 | Lair:3   | Reached skill level 14 in Spellcasting
 13755 | Lair:3   | Found a hole to the Spider Nest.
 14144 | Lair:3   | Found a dark tunnel.
 14155 | Volcano  | Entered a volcano
 14950 | Lair:3   | Identified the +0 leather armour "Zemuaqihih" {rPois Will++
                  | Int-2 SInv}
 15050 | Lair:3   | Reached skill level 1 in Invocations
 15075 | Lair:3   | Reached **** piety under Makhleb
 15077 | Lair:3   | Reached skill level 15 in Spellcasting
 15317 | Lair:4   | Noticed Nergalle
 15324 | Lair:4   | Killed Nergalle
 15345 | Lair:4   | Noticed a four-headed hydra
 15354 | Lair:4   | Killed a four-headed hydra
 15396 | Lair:4   | Noticed a six-headed hydra
 15404 | Lair:4   | Killed a six-headed hydra
 15423 | Lair:4   | Reached XP level 14. HP: 100/101 MP: 0/0
 15564 | Lair:4   | Found a staircase to the Swamp.
 15762 | Lair:4   | Noticed Rupert
 15775 | Lair:4   | Annihilated by Rupert

Illustrated notes

Levels and vault maps discovered:
D:1:      mainiacjoe_arrival_reflecting_pool, layout_basic, serial_shops,
          nicolae_square_shop, minmay_vboxes
D:2:      wad_river_or_something, layout_basic, basic_ecumenical_altar,
          basic_altar, st_stairs_12
D:3:      layout_loops_ring, nzn_wu_jian_council_hall, uniq_crazy_yiuf_cottage
D:4:      layout_cave_pools, mainiacjoe_overflow_cross_hatched
D:5:      layout_gridville, chequers_temple_overflow_minitemple,
          minmay_temple_entry_fiery, hangedman_abyss_or_decor_stagger
D:6:      layout_loops_ring, overflow_temple_1_default
D:7:      layout_rooms, nicolae_take_the_stairs
D:8:      layout_rooms, mainiacjoe_overflow_alcove_4, serial_shops,
          kennysheep_mini, uniq_joseph, uniq_psyche
D:9:      layout_rooms, nicolae_uskayaw_suspiria, jmf_multi_god_temple,
          lemuel_mausoleum_altar_yredelemnul, uniq_erolcha, uniq_maurice,
          uniq_pikel
D:10:     layout_loops_corners, old_standard_altar, nicolae_trove_entry_crystal,
          kb_rosetta
D:11:     layout_basic, david_lair_shrubbed, special_room [special_room_bee],
          nicolae_blasting_shop, minmay_bent, uniq_fannar
D:12:     layout_irregular_city
Temple:   cyrus_temple_forest
Lair:1:   layout_hall_layers, infiniplex_staircase_pool, lemuel_fruit_tree,
          uniq_urug, uniq_grum
Lair:2:   layout_roguey, portal_ice_cave_entry_pillars_1
Lair:3:   layout_long_grid, nicolae_spider_entry_tight_spaces, enter_volcano_3,
          grunt_megastairs_1
Lair:4:   layout_small_grid, minmay_swamp_entry_worms, grunt_megastairs_2,
          uniq_rupert, uniq_nergalle

Skill      XL: |  1  2  3  4  5  6  7  8  9 10 11 12 13 |
---------------+----------------------------------------+-----
Spellcasting   | 3 4 5 6 7 9 11 13 15 | 15.0
Fighting       | 3 7 8 9 |  9.9
Dodging        | 6 8 |  8.2
Invocations    | 4 |  4.8
Stealth        | |  1.5

Action                   |  1- 3 |  4- 6 |  7- 9 | 10-12 | 13-15 || total
-------------------------+-------+-------+-------+-------+-------++-------
Melee: Dagger            |    11 |       |     1 |       |       ||    12
       Unarmed           |     1 |       |       |       |       ||     1
       Short sword       |       |       |     1 |       |       ||     1
       Flail             |       |       |       |   100 |     4 ||   104
 Cast: Foxfire           |    79 |    47 |   227 |   198 |    61 ||   612
       Scorch            |       |    34 |    57 |    79 |    54 ||   224
       Static Discharge  |       |     5 |    16 |    10 |    16 ||    47
       Flame Wave        |       |       |     3 |    43 |    31 ||    77
       Ensorcelled Hiber |       |       |       |     1 |       ||     1
       Metabolic Englaci |       |       |       |       |     9 ||     9
  Use: Scroll            |       |       |       |    15 |       ||    15
 Stab: Sleeping          |     1 |       |       |     3 |       ||     4
Armor: Robe              |     9 |     5 |     4 |       |       ||    18
       Steam dragon scal |       |       |    11 |       |       ||    11
       Leather armour    |       |       |     6 |    85 |    21 ||   112
Dodge: Dodged            |    12 |     5 |    34 |   162 |    58 ||   271
Block: Other             |       |       |       |    47 |    17 ||    64
       Reflection        |       |       |       |       |     1 ||     1

Table legend: (Time is in decaauts)
 A = Elapsed time spent in this place.
 B = Non-inter-level travel time spent in this place.
 C = Inter-level travel time spent in this place.
 D = Time resting spent in this place.
 E = Time spent auto-exploring this place.
 F = Levels seen in this place.
 G = Mean time per level.
                   A        B        C        D        E       F      G
               +--------+--------+--------+--------+--------+-----+--------+
         Total |  15828 |  14628 |   1200 |   1135 |  11006 |  18 |  879.3 |
       Dungeon |  12740 |  12126 |    614 |    732 |   9511 |  12 | 1061.7 |
        Temple |    140 |     51 |     89 |      0 |     31 |   1 |  140.0 |
          Lair |   2366 |   1869 |    497 |      0 |   1341 |   4 |  591.5 |
       Volcano |    581 |    581 |      0 |    403 |    123 |   1 |  581.0 |
               +--------+--------+--------+--------+--------+-----+--------+

Top non-repeatable levels by time:
     D:6: 2091 daAuts
     D:2: 1892 daAuts
     D:1: 1395 daAuts
     D:5: 1249 daAuts
     D:3: 1119 daAuts
     D:4: 1072 daAuts
     D:7: 1045 daAuts
  Lair:3: 1016 daAuts
     D:9: 718 daAuts
  Lair:2: 659 daAuts
    D:10: 619 daAuts
     D:8: 605 daAuts
 Volcano: 581 daAuts
    D:11: 575 daAuts
  Lair:4: 473 daAuts
